[Event "Late-Titled-Tuesday-Blitz-February-06-2024"]
[Site "Chess.com"]
[Date "2024.02.06"]
[Round "10"]
[White "GiorgianBarbosa"]
[Black "brm72"]
[Result "0-1"]
[WhiteElo "2490"]
[BlackElo "2646"]
[TimeControl "180+1"]
[EndTime "15:55:23 PST"]
[Termination "brm72 won by checkmate"]

1. c4 e6 2. g3 Nf6 3. Bg2 c6 4. Nf3 d5 5. O-O Be7 6. b3 O-O 7. Bb2 Nbd7 8. d3 Re8 9. Nbd2 Bf8 10. Rc1 b6 11. cxd5 cxd5 12. Rc2 Bb7 13. Qa1 Rc8 14.
Rfc1 Rxc2 15. Rxc2 Qb8 16. Ne5 Rc8 17. Rxc8 Qxc8 18.
Ndf3 Qc2 19. e3 Nxe5 20. Bxe5 Ng4 21. Qf1 Qxa2 22. Bb8 a5 23. h3 Nf6 24. Qd1 Nd7 25. Bf4 Nc5 26. Ne5 Qxb3 27. Qh5 g6 28. Qh4 Nxd3 29. Qf6 Qa3 30. Nxd3 Be7 31. Qd4 Qb3 32.
Bh6 f6 33. Bf1 Ba6 34. Qf4 Bxd3 35. Qb8+ Kf7 36. Qh8 e5 37. Qxh7+ Ke6 38. Qg8+ Kd7 39. Bxd3 Qxd3 40. Qf7 Qb1+ 41. Kh2 Qe4 42. Bf8 Qb4 43. Qxe7+ Qxe7 44. Bxe7 Kxe7 45. h4 a4 46. g4 a3 47. h5 gxh5 48. gxh5 Kf7 49. f4 exf4 50. exf4 a2 51. Kg3 a1=Q 52. Kg4 Qg1+ 53. Kf5 Qg2 54. h6 Qg6# 0-1

[Event "Late-Titled-Tuesday-Blitz-February-06-2024"]
[Site "Chess.com"]
[Date "2024.02.06"]
[Round "10"]
[White "BozeKat"]
[Black "mjelcic"]
[Result "0-1"]
[WhiteElo "2010"]
[BlackElo "2205"]
[TimeControl "180+1"]
[EndTime "15:55:25 PST"]
[Termination "mjelcic won by resignation"]

1. d4 d5 2. c4 c6 3. Nf3 Nf6 4.
e3 e6 5. Nbd2 Be7 6. Bd3 dxc4 7.
Nxc4 O-O 8. O-O c5 9. dxc5 Bxc5 10. Qc2 Qe7 11. e4 Nc6 12. e5 Nd7 13. Bxh7+ Kh8 14.
Bg5 f6 15. Bh4 g5 16. exf6 Qxh7 17. Qxh7+ Kxh7 18. Nxg5+ Kg6 19. Nxe6 Rh8 20. g3 Nd4 21. Kg2 Nxe6 22. f4 Kf7 23. Rad1 b5 24. Rxd7+ Bxd7 25.
Ne5+ Ke8 26. f7+ Kf8 27. Nxd7+ Kxf7 28. Ne5+ Kg7 29. f5 Nd4 30. f6+ Kh7 31. Nf7 Rhf8 32. Ng5+ Kg6 33. Ne4 Rae8 34. Nxc5 Re2+ 35. Kh3 Nf5 36.
Rxf5 Kxf5 37. Nd7 Rf7 38. g4+ Ke6 39. Nc5+ Kd5 40. Nb3 Rxb2 41. g5 Rf2 42. g6 R7xf6 43. Bxf6 Rxf6 44. Kg4 Rxg6+ 45. Kf3 Rh6 46. Kg3 Kc4 47.
Nd2+ Kc3 48. h4 Kxd2 49. Kg4 Kc3 50. Kg5 Rxh4 51. Kxh4 Kb2 52. Kg3 Kxa2 53. Kf3 b4 54. Ke3 b3 55. Kd2 b2 56. Kc3 b1=Q 57. Kc4 Qe4+ 58.
Kb5 Kb3 59. Ka6 Kb4 60. Kxa7 Kb5 0-1

[Event "Late-Titled-Tuesday-Blitz-February-06-2024"]
[Site "Chess.com"]
[Date "2024.02.06"]
[Round "10"]
[White "AmanteDeMoi"]
[Black "KantorGergely"]
[Result "1-0"]
[WhiteElo "2610"]
[BlackElo "2756"]
[TimeControl "180+1"]
[EndTime "15:55:27 PST"]
[Termination "AmanteDeMoi won on time"]

1. Nf3 Nc6 2. c4 d6 3. d4 Bf5 4. d5 Ne5 5. Nxe5 dxe5 6. Nc3 e4 7. Bf4 a6 8. Qd4 Nf6 9. e3 g6 10. Be2 Bg7 11. g4 Bd7 12. Be5 O-O 13. g5 Ne8 14.
Bxg7 Nxg7 15. h4 Bf5 16. Nxe4 Ne6 17. dxe6 Qxd4 18. exd4 Bxe4 19. Rh3 fxe6 20. Re3 Bf5 21. Kd2 Rad8 22. Kc3 Rd7 23. Rd1 Rfd8 24. c5 Kg7 25.
Bc4 Rf8 26. Rd2 Kf7 27. Rde2 Rfd8 28. Rxe6 Kf8 29. R6e5 Rxd4 30. Rxe7 Rxc4+ 31. Kxc4 Bd3+ 32. Kc3 Bxe2 33. Rxe2 Rd5 34. b4 Kf7 35. f4 Rd1 36.
Kc4 Rh1 37. Re4 Rxh4 38. c6 b6 39. Rd4 Ke6 40. a4 Rh1 41. b5 Rc1+ 42. Kb4 Rb1+ 43. Kc4 Ra1 44. Kb3 Rb1+ 45. Ka2 Re1 46. bxa6 Kf5 47. a7 Re8 48. Rd7 Ra8 49. Rf7+ Ke4 50.
Rxc7 Kxf4 51. Rb7 Kxg5 52. c7 h5 53. Rb8 Rxa7 54. c8=Q 1-0

[Event "Late-Titled-Tuesday-Blitz-February-06-2024"]
[Site "Chess.com"]
[Date "2024.02.06"]
[Round "10"]
[White "StellarChess"]
[Black "JonasGallasch"]
[Result "1-0"]
[WhiteElo "2572"]
[BlackElo "2426"]
[TimeControl "180+1"]
[EndTime "15:55:27 PST"]
[Termination "StellarChess won by checkmate"]

1. d4 Nf6 2. Bg5 Ne4 3. Bf4 d5 4. f3 Nf6 5. e4 dxe4 6. Nc3 e6 7. fxe4 Bb4 8. Qd3 O-O 9. Ne2 Nc6 10. a3 Bxc3+ 11.
bxc3 e5 12. dxe5 Ng4 13. Qg3 Qe7 14. Nd4 Ngxe5 15. Bd3 Ng6 16. O-O Nxf4 17. Qxf4 Ne5 18. Kh1 Ng6 19. Qg3 Qe5 20. Qf2 c6 21. Bc4 Be6 22. Nxe6 fxe6 23. Qd4 Rfe8 24. Rad1 Qxd4 25. cxd4 Rad8 26. c3 h6 27. g3 Kh8 28. h4 Re7 29. h5 Nf8 30. e5 Nh7 31. Kg2 Rf8 32. Rf4 Ree8 33. Rdf1 Kg8 34. Rxf8+ Nxf8 35. Rf4 Nh7 36.
Kf3 Ng5+ 37. Ke3 Rf8 38. a4 Rf7 39. a5 Kf8 40. Bb3 Ke7 41. c4 b6 42. a6 Rxf4 43. gxf4 Nf7 44. d5 Nd8 45. Ke4 Kf7 46. f5 exf5+ 47.
Kxf5 c5 48. Ba4 Ke7 49. Bc6 Nf7 50. d6+ Nxd6+ 51. exd6+ Kxd6 52. Bb5 Ke7 53. Kg6 Kf8 54. Bc6 Kg8 55. Bd5+ Kh8 56. Kf7 Kh7 57. Be4+ Kh8 58. Bg6 b5 59. cxb5 c4 60. b6 c3 61. bxa7 c2 62.
a8=Q# 1-0

[Event "Late-Titled-Tuesday-Blitz-February-06-2024"]
[Site "Chess.com"]
[Date "2024.02.06"]
[Round "10"]
[White "Polish_fighter3000"]
[Black "nihalsarin"]
[Result "1/2-1/2"]
[WhiteElo "3057"]
[BlackElo "3128"]
[TimeControl "180+1"]
[EndTime "15:55:28 PST"]
[Termination "Game drawn - insufficient material"]

1. d4 Nf6 2. Bg5 d5 3. Bxf6 exf6 4. e3 Bd6 5. c4 dxc4 6. Bxc4 O-O 7. Nc3 c6 8. Nge2 f5 9. Qc2 g6 10. h4 h5 11.
O-O-O Nd7 12. f3 b5 13. Bd3 Nb6 14. e4 b4 15. Nb1 fxe4 16. fxe4 Bg4 17. e5 Be7 18. Bxg6 Nd5 19. Bd3 Bxh4 20. Bc4 Qg5+ 21. Nd2 Ne3 22. Ne4 Nxc2+ 23. Nxg5 Nxd4 24. Rxd4 Bxg5+ 25. Kc2 Rad8 26. Rxd8 Rxd8 27. Kb3 Rd2 28. Ng3 Rxg2 29.
Nxh5 a5 30. Ka4 Kf8 31. Nf6 Be6 32. Bxe6 fxe6 33. Nh7+ Kg7 34. Nxg5 Rxg5 35. Kxa5 c5 36. Re1 Rg2 37. Kb5 Rxb2 38. Kxc5 Rxa2 39. Kxb4 Rc2 40. Rf1 Re2 41. Rg1+ Kf7 42. Rg5 Rc2 43. Kb3 Rc8 44.
Kb4 Rc7 45. Kb5 Rc2 46. Kb4 Rc1 47. Kb5 Rf1 48. Kc5 Rf5 49. Rxf5+ exf5 50. Kd6 Ke8 51. Kd5 Ke7 52. e6 f4 53. Ke4 Kxe6 54. Kxf4 1/2-1/2

[Event "Late-Titled-Tuesday-Blitz-February-06-2024"]
[Site "Chess.com"]
[Date "2024.02.06"]
[Round "10"]
[White "pfalcon1949"]
[Black "yuriydovzik"]
[Result "0-1"]
[WhiteElo "1969"]
[BlackElo "2199"]
[TimeControl "180+1"]
[EndTime "15:55:28 PST"]
[Termination "yuriydovzik won on time"]

1. e4 c6 2. d4 Na6 3. Nf3 g6 4. c3 Nc7 5. Be3 d5 6. e5 Bg4 7. Nbd2 e6 8. h3 Bxf3 9. Nxf3 h5 10. Bd3 Bh6 11. Qc2 Bxe3 12. fxe3 Ne7 13. O-O Nf5 14.
Rae1 h4 15. Kh2 Qe7 16. b3 O-O-O 17. c4 Kb8 18. c5 Ne8 19. b4 Neg7 20. b5 Rc8 21.
Qd2 g5 22. Rb1 g4 23. hxg4 Ng3 24. Rfc1 Ne4 25. Bxe4 dxe4 26. Ng1 Qg5 27. Qe2 Nf5 28. gxf5 Qg3+ 29. Kh1 h3 30. Nxh3 Rxh3+ 31. gxh3 Rh8 32. Qh2 Rxh3 33. Qxh3 Qxh3+ 34. Kg1 Qxe3+ 35. Kh2 cxb5 36. fxe6 fxe6 37. Rd1 a6 38. d5 exd5 39. e6 Qf2+ 40. Kh1 Qh4+ 41. Kg1 Qg5+ 42. Kh2 Qh6+ 43.
Kg1 Qxe6 44. Rb2 e3 45. Re2 Qg4+ 46. Kf1 d4 47. Rde1 Qf3+ 48. Kg1 Kc7 49. Kh2 Kc6 50. Kg1 Kxc5 51. Kh2 Kb6 52. Kg1 a5 53. Kh2 b4 54.
Kg1 Kc5 55. Kh2 Kd5 56. Kg1 Ke4 57. Rg2 d3 58. Rf1 d2 0-1

[Event "Late-Titled-Tuesday-Blitz-February-06-2024"]
[Site "Chess.com"]
[Date "2024.02.06"]
[Round "10"]
[White "jinbojinbo"]
[Black "ural58"]
[Result "1-0"]
[WhiteElo "2629"]
[BlackElo "2482"]
[TimeControl "180+1"]
[EndTime "15:55:30 PST"]
[Termination "jinbojinbo won by resignation"]

1. Nf3 d5 2. e3 Nf6 3. c4 e6 4. b3 g6 5. Bb2 Bg7 6. Be2 O-O 7.
O-O c5 8. cxd5 Nxd5 9. Bxg7 Kxg7 10. d4 cxd4 11. Qxd4+ Qf6 12. Nbd2 Nc6 13. Qxf6+ Kxf6 14. Ne4+ Ke7 15. Rac1 Rd8 16. Nc5 Rb8 17. a3 Bd7 18. b4 Be8 19. b5 Na5 20. Nd4 e5 21.
Nf3 f6 22. g4 h6 23. Rfd1 Rbc8 24. Nd2 b6 25. Nce4 f5 26. Rxc8 Rxc8 27. gxf5 gxf5 28. Nf1 Bf7 29. Neg3 Nc3 30. Rd2 Nxe2+ 31. Rxe2 Be6 32.
Re1 Rg8 33. f4 h5 34. Kf2 h4 35. Ne2 Nc4 36. Rc1 Rd8 37. a4 Kf6 38. fxe5+ Nxe5 39. Nf4 Nd3+ 40. Nxd3 Rxd3 41. Rc7 Rd7 42. Rc6 Ke5 43.
Ke2 Bd5 44. Rc3 Rg7 45. Ke1 Rg2 46. Rc7 Bf3 47. Nd2 Re2+ 48. Kd1 Bg4 49. Kc1 Rxh2 50.
Rxa7 h3 51. a5 bxa5 52. b6 Rh1+ 53. Kc2 Bd1+ 54. Kb2 Rg1 55. b7 Rg8 56. Ra8 h2 57. Rxg8 h1=Q 58. b8=Q+ Kf6 59. Qd6+ 1-0

[Event "Late-Titled-Tuesday-Blitz-February-06-2024"]
[Site "Chess.com"]
[Date "2024.02.06"]
[Round "10"]
[White "norwaytoadog"]
[Black "UnTucopalaTimba"]
[Result "1-0"]
[WhiteElo "2221"]
[BlackElo "1959"]
[TimeControl "180+1"]
[EndTime "15:55:30 PST"]
[Termination "norwaytoadog won on time"]

1. e4 c6 2. d4 d5 3. e5 Bf5 4.
Nf3 e6 5. Be2 Ne7 6. O-O Nd7 7.
Nbd2 h6 8. Nb3 Nc8 9. a4 a6 10.
Bd2 Be7 11. a5 Na7 12. c4 dxc4 13. Bxc4 Nb5 14. Ne1 Qc7 15. f4 c5 16. d5 exd5 17. Bxd5 c4 18. Rc1 Bc5+ 19. Kh1 cxb3 20. Be3 O-O 21.
Qxb3 Qxa5 22. Bxc5 Nxc5 23. Rxc5 Qb6 24. Rc1 Rad8 25. Nf3 Be6 26. Bxe6 fxe6 27. Qc4 Qe3 28. Qxe6+ Kh8 29. f5 Rde8 30. Qg6 Rc8 31. Rce1 Qc5 32. f6 Rc7 33. Nh4 gxf6 34. Qxh6+ Rh7 35. Ng6+ Kg8 36.
Qxf8+ Qxf8 37. Nxf8 Kxf8 38. exf6 Nd4 39. f7 Rxf7 40.
Rxf7+ Kxf7 41. g4 Kf6 42. Kg2 b5 43. Kg3 a5 44. h4 a4 45. g5+ Kg6 46. Re5 b4 47.
Ra5 Nb3 48. Rxa4 1-0

[Event "Late-Titled-Tuesday-Blitz-February-06-2024"]
[Site "Chess.com"]
[Date "2024.02.06"]
[Round "10"]
[White "Binary010"]
[Black "Msb2"]
[Result "1-0"]
[WhiteElo "2844"]
[BlackElo "2974"]
[TimeControl "180+1"]
[EndTime "15:55:32 PST"]
[Termination "Binary010 won by checkmate"]

1. e4 e6 2. d4 d5 3. Nc3 Nf6 4. Bg5 dxe4 5. Nxe4 Be7 6. Bxf6 Bxf6 7. Nf3 O-O 8. Bc4 Nd7 9. Qe2 Be7 10. O-O-O c6 11. Kb1 b5 12. Bd3 Qc7 13. h4 Bb7 14. Neg5 Nf6 15.
Ne5 c5 16. Ng4 h6 17. Nxe6 fxe6 18. Qxe6+ Rf7 19. Bg6 Rf8 20. dxc5 Bc8 21. Nxf6+ Bxf6 22. Bxf7+ Qxf7 23. Qxf7+ Kxf7 24. h5 Be6 25. Rhe1 Be7 26. b4 a5 27. c3 Bf6 28. Re3 Ra8 29. a3 Bf5+ 30. Kb2 axb4 31. axb4 Ra4 32. Kb3 Be6+ 33.
Rxe6 Kxe6 34. Rd6+ Ke7 35. c4 Ra1 36. cxb5 Rb1+ 37.
Kc4 Rc1+ 38. Kd5 Rb1 39. b6 Rxb4 40. Kc6 Rb2 41. b7 Be5 42. Rd5 Bb8 43. Rd7+ Ke6 44.
Rxg7 Kf5 45. Rg8 Be5 46. g3 Ke4 47. f4 Bd4 48. b8=Q Rxb8 49. Rxb8 Bf2 50. Rg8 Kf5 51.
Rg6 Bd4 52. Rxh6 Bg7 53. Rg6 Bd4 54. Kd6 Bc3 55. c6 Bb4+ 56. Kd7 Ba5 57. c7 Bxc7 58. Kxc7 Ke4 59. h6 Kf3 60. h7 Kf2 61. h8=Q Ke3 62.
f5 Ke2 63. f6 Kd2 64. f7 Kd3 65. f8=Q Kc4 66. Qf4+ Kb5 67. Qhe5# 1-0

[Event "Late-Titled-Tuesday-Blitz-February-06-2024"]
[Site "Chess.com"]
[Date "2024.02.06"]
[Round "10"]
[White "jsdbv18"]
[Black "ccccvhhhj"]
[Result "1-0"]
[WhiteElo "2625"]
[BlackElo "2478"]
[TimeControl "180+1"]
[EndTime "15:55:32 PST"]
[Termination "jsdbv18 won on time"]

1. e4 e6 2. d4 d5 3. Nd2 Nc6 4. Ngf3 g5 5. exd5 exd5 6. Bb5 Qe7+ 7. Qe2 Qxe2+ 8. Kxe2 Bd7 9. Bxc6 Bxc6 10. Ne5 Bb5+ 11.
Kf3 f6 12. a4 Ba6 13. Nd3 O-O-O 14. Re1 Bxd3 15. cxd3 Bd6 16. Nb3 Ne7 17. Bd2 Ng6 18.
g3 h5 19. Re6 Rdf8 20. h3 Kd7 21. Ree1 b6 22. a5 h4 23. g4 Bf4 24. Be3 Re8 25. axb6 axb6 26. Ra7 Ra8 27. Rea1 Rxa7 28. Rxa7 Kc6 29.
Nc1 Bd6 30. Ne2 Kb5 31. Nc3+ Kc6 32. Ra1 Ne7 33. Rc1 Kd7 34. Nb5 Ra8 35. Ke2 Ra2 36.
Rc2 Nc6 37. Nc3 Ra1 38. Nxd5 Rh1 39. Nxf6+ Ke6 40. Ne4 Nb4 41. Nxg5+ Kd5 42. Rc1 Rh2 43. b3 Be7 44. Rxc7 Bxg5 45. Bxg5 Rxh3 46. Be3 Rh1 47. Rh7 h3 48. Rh5+ Kc6 49. g5 Nd5 50. g6 Nf6 51. Rh6 Kd7 52. f4 h2 53. f5 Ng4 54. Rh4 Nxe3 55. g7 Nxf5 56. g8=Q Nxh4 57. Qd5+ Ke7 58. Qxh1 Nf5 59. Qxh2 Nd6 60. Qe5+ Kd7 61. b4 Kc6 62. d5+ Kd7 63. Qe6+ Kc7 64. Qe7+ 1-0

[Event "Late-Titled-Tuesday-Blitz-February-06-2024"]
[Site "Chess.com"]
[Date "2024.02.06"]
[Round "10"]
[White "gahryman"]
[Black "andrzej"]
[Result "1-0"]
[WhiteElo "2667"]
[BlackElo "2455"]
[TimeControl "180+1"]
[EndTime "15:55:32 PST"]
[Termination "gahryman won on time"]

1. e4 e5 2. Nf3 Nf6 3. d4 Nxe4 4. Bd3 d5 5. Nxe5 Bd6 6. O-O O-O 7. Nc3 Nxc3 8.
bxc3 Nd7 9. Re1 c5 10. Bf4 c4 11. Be2 Nf6 12. Bf3 h6 13. Rb1 Rb8 14. Qd2 Bf5 15.
Bg3 Ne4 16. Bxe4 Bxe4 17. f3 Bf5 18. Rb5 Bc7 19. Reb1 b6 20. Nc6 Qd7 21. Nxb8 Bxb8 22. Bxb8 Rxb8 23. a4 Re8 24. a5 bxa5 25. Rxa5 Qe6 26.
Kf2 Qf6 27. Rxd5 Qh4+ 28. Kg1 Bxc2 29. Re5 Rxe5 30. Rb8+ Kh7 31. dxe5 Bd3 32. Qe3 a5 33. Ra8 a4 34. Rxa4 Qd8 35. Ra1 Qd5 36. Re1 Qa5 37. Qd2 Qb6+ 38. Kh1 Kg8 39. h3 Kh7 40. Qe3 Qb2 41. Qd4 Qd2 42. Rg1 Qe2 43. Qd5 Bg6 44. Qd4 Bd3 45. Qf4 Kg8 46. Kh2 Qc2 47. Qd4 Qe2 48.
Qf4 Qc2 49. e6 fxe6 50. Qe5 Bf5 51. Ra1 Qf2 52. Ra8+ Kh7 53. Re8 1-0

[Event "Late-Titled-Tuesday-Blitz-February-06-2024"]
[Site "Chess.com"]
[Date "2024.02.06"]
[Round "10"]
[White "smotherhubbard"]
[Black "abeljusto"]
[Result "0-1"]
[WhiteElo "2319"]
[BlackElo "2109"]
[TimeControl "180+1"]
[EndTime "15:55:33 PST"]
[Termination "abeljusto won by checkmate"]

1. d4 Nf6 2. c4 e5 3. dxe5 Ng4 4.
Bf4 g5 5. Bg3 Bg7 6. Nf3 Nc6 7.
Nc3 Ngxe5 8. Nxe5 Nxe5 9. e3 d6 10. Qd2 Be6 11. b3 Qf6 12. Rc1 h5 13. h4 g4 14. Be2 O-O-O 15. Nd5 Bxd5 16. cxd5 Qe7 17. O-O Kb8 18. b4 Ng6 19. a4 Nxh4 20. Bd3 Ng6 21. a5 h4 22. Bh2 h3 23. g3 Ne5 24. Kh1 Nf3 25. Qa2 a6 26. b5 axb5 27.
Bxb5 Qe4 28. Rc4 Nd4+ 29. f3 Qxe3 30. Bg1 Qe5 31. Bxd4 Qxg3 32. Bxg7 gxf3 33. Rc2 Qg2+ 34. Rxg2 hxg2+ 35. Kg1 Rh1+ 36. Kf2 gxf1=Q+ 37. Bxf1 Rh2+ 38. Kxf3 Rxa2 39. Kg4 Ra4+ 40. Kf5 Rxa5 41. Bg2 Rc5 42. Kf6 b5 43. Kxf7 b4 44. Ke7 Rg8 45. Kf7 Rxg7+ 46.
Kxg7 Kb7 47. Kf6 Kb6 48. Ke6 Kb5 49. Be4 Ka4 50. Kd7 Ka3 51. Kc8 Kb2 52. Kb7 b3 53.
Ka6 Kc1 54. Kb7 b2 55. Kc8 b1=Q 56. Bxb1 Kxb1 57. Kd7 Kb2 58. Ke6 Kc3 59. Kd7 Kd4 60.
Ke6 Rxd5 61. Kd7 c5 62. Kc6 c4 63. Kd7 c3 64. Ke6 c2 65. Kd7 c1=Q 66. Ke6 Re5+ 67.
Kf6 Qf1+ 68. Kg6 Re2 69. Kg5 Rg2+ 70. Kh5 Qh1# 0-1

[Event "Late-Titled-Tuesday-Blitz-February-06-2024"]
[Site "Chess.com"]
[Date "2024.02.06"]
[Round "10"]
[White "Goryachkina"]
[Black "temus_galaktionov"]
[Result "0-1"]
[WhiteElo "2688"]
[BlackElo "2874"]
[TimeControl "180+1"]
[EndTime "15:55:36 PST"]
[Termination "temus_galaktionov won on time"]

1. e4 c6 2. d4 g6 3. Bd3 Bg7 4. c3 d6 5. Nf3 Nd7 6. O-O e5 7.
Nbd2 Ngf6 8. Re1 O-O 9. Nf1 Qc7 10. Ng3 b6 11. h3 Bb7 12. Bg5 Rfe8 13. Qd2 Rad8 14.
Bh6 Bh8 15. Qg5 d5 16. exd5 Nxd5 17. Qh4 exd4 18. Nxd4 Ne5 19. Bf1 c5 20. Nb5 Qb8 21. c4 Nb4 22. Rad1 Nc2 23. Rxd8 Rxd8 24. Rc1 Nd4 25. Nxd4 Rxd4 26. Qg5 Qd6 27. Nf5 Bf6 28. Nxd6 Bxg5 29. Bxg5 Rxd6 30. Re1 f6 31. Bxf6 Nf3+ 32. gxf3 Rxf6 33. Re7 Rf7 34. Rxf7 Kxf7 35. f4 Kf6 36. Kh2 Be4 37. Kg3 Kf5 38. h4 a5 39. a3 h5 40.
Be2 Bc2 41. Bf3 Be4 42. Be2 Bc2 43. Bf3 Bb3 44. Be2 Ke4 45. Bf1 Bc2 46. Be2 a4 47. Bf1 Bd3 48. Bg2+ Kd4 49. f5 Bxf5 50. Bf1 Bd3 51.
Bg2 Kxc4 52. Kf4 Kb3 53. Bc6 b5 54. Ke3 Bc4 55. Be8 Kxb2 56. Bxg6 Kxa3 57. Bxh5 Kb2 0-1

[Event "Late-Titled-Tuesday-Blitz-February-06-2024"]
[Site "Chess.com"]
[Date "2024.02.06"]
[Round "10"]
[White "LyonBeast"]
[Black "SpeedofLight0"]
[Result "1-0"]
[WhiteElo "3180"]
[BlackElo "3048"]
[TimeControl "180+1"]
[EndTime "15:55:37 PST"]
[Termination "LyonBeast won by resignation"]

1. e4 Nc6 2. Nf3 d6 3. d4 Nf6 4. d5 Nb8 5. Bd3 Bg4 6. Nbd2 g6 7. h3 Bxf3 8. Nxf3 Bg7 9. O-O O-O 10. c3 c6 11. Bc2 Nbd7 12. Re1 a5 13. a4 Qc7 14. Be3 Nb6 15. Bb3 Rac8 16. dxc6 bxc6 17. e5 dxe5 18. Nxe5 Nfd5 19. Bxb6 Nxb6 20. Qe2 e6 21. Nxf7 Rxf7 22.
Bxe6 Rf8 23. Rad1 Kh8 24. Bxf7 Qxf7 25. Rd6 Nxa4 26. Rxc6 Qb7 27. Rc4 Qb3 28. Rc7 Qxb2 29. Qxb2 Nxb2 30. Ree7 Rg8 31. Ra7 a4 32. Reb7 Nd1 33.
c4 Nc3 34. c5 Ne2+ 35. Kf1 Nd4 36. Rxa4 Rc8 37. Raa7 Bf8 38. Rxh7+ Kg8 39. Rhc7 Rxc7 40. Rxc7 Ne6 41. Rc8 Nxc5 42. h4 Kf7 43. g3 Ne6 44.
Kg2 Bd6 45. Rc4 Kf6 46. f4 Kf5 47. Kf3 Kf6 48. Kg4 Be7 49. Rc6 Kf7 50. h5 gxh5+ 51. Kxh5 Nd4 52. Ra6 Bb4 53. Kg4 Be1 54. Ra1 Bf2 55. Rf1 Be3 56. Re1 Bf2 57. Re4 Kf6 58. Kh3 Nc6 59. g4 Bc5 60. Rc4 Nd4 61. Rxc5 Ne6 62.
Rc6 Ke7 63. Rxe6+ Kxe6 64. Kh4 Kf6 65. Kh5 Kg7 66. Kg5 Kf7 67. f5 Kg7 68. f6+ Kf7 69. Kf5 Kf8 70. Kg6 Kg8 71. f7+ Kf8 72. g5 Ke7 73. Kg7 1-0

[Event "Late-Titled-Tuesday-Blitz-February-06-2024"]
[Site "Chess.com"]
[Date "2024.02.06"]
[Round "10"]
[White "Jospem"]
[Black "jcibarra"]
[Result "0-1"]
[WhiteElo "3027"]
[BlackElo "2911"]
[TimeControl "180+1"]
[EndTime "15:55:39 PST"]
[Termination "jcibarra won by checkmate"]

1. e4 e5 2. Nf3 d6 3. Bc4 Be7 4.
Nc3 Nf6 5. d3 O-O 6. a3 c6 7.
Ba2 Bg4 8. h3 Bxf3 9. Qxf3 Nfd7 10. h4 Na6 11. g4 Nac5 12. g5 Ne6 13. Be3 Nd4 14. Bxd4 exd4 15. Ne2 Qb6 16. Rb1 Qc5 17. Kd1 a5 18. Qh3 Rad8 19. f4 b5 20. h5 d5 21. Ng3 Nb6 22. Nf5 Nc4 23. Bxc4 dxc4 24. g6 h6 25. gxf7+ Rxf7 26. Rg1 Kh8 27. Qg4 Bf8 28.
Nxh6 Rf6 29. Nf5 b4 30. axb4 axb4 31. b3 cxd3 32. cxd3 Qc3 33. Rg3 Ra8 34. Qe2 Ra1 35. Qc2 Rxb1+ 36. Qxb1 c5 37. Qc2 Ra6 38. Qxc3 dxc3 39.
d4 Ra1+ 40. Kc2 Ra2+ 41. Kc1 Ra1+ 42. Kc2 Ra2+ 43. Kb1 Rb2+ 44. Kc1 Rxb3 45. dxc5 Bxc5 46. Rxg7 Ra3 47. Kc2 Ra2+ 48. Kd3 c2 49. Rc7 c1=Q 50. Rc8+ Kh7 51. Rc7+ Kg8 52. Rc8+ Kf7 53. Nd6+ Ke6 54. f5+ Kd7 55. e5 Qc3+ 56. Ke4 Re2+ 57. Kf4 Qxe5+ 58. Kg4 Rg2+ 59. Kf3 Rg3# 0-1

[Event "Late-Titled-Tuesday-Blitz-February-06-2024"]
[Site "Chess.com"]
[Date "2024.02.06"]
[Round "10"]
[White "masnyszachistaaa"]
[Black "IMSlavin"]
[Result "1-0"]
[WhiteElo "2550"]
[BlackElo "2353"]
[TimeControl "180+1"]
[EndTime "15:55:39 PST"]
[Termination "masnyszachistaaa won on time"]

1. Nf3 Nc6 2. e4 d6 3. d4 Nf6 4. Nc3 Bg4 5. Bb5 a6 6. Bxc6+ bxc6 7. O-O e6 8. h3 Bh5 9. Re1 Be7 10. Bf4 O-O 11.
Qd3 a5 12. Ne2 Bg6 13. Ng3 Nd7 14. Qd2 c5 15. c3 cxd4 16. cxd4 c5 17. Rac1 cxd4 18.
Nxd4 Ne5 19. Qe3 Qb6 20. Nc6 Qb7 21. Nxe5 dxe5 22. Bxe5 Bf6 23. Bxf6 gxf6 24. Qc3 e5 25. h4 Rac8 26. Qf3 Rxc1 27. Rxc1 Qxb2 28. Rc6 h5 29.
Nxh5 Bxh5 30. Qxh5 Qb1+ 31. Kh2 Qxe4 32. Rc3 Qh7 33.
Rg3+ Kh8 34. Qg4 f5 35. Qg5 f6 36. Qg6 f4 37. Rg4 Qxg6 38. Rxg6 Kh7 39. h5 Rf7 40. Kh3 a4 41. Kg4 Rg7 42. Rxg7+ Kxg7 43. Kf5 Kh6 44. f3 Kxh5 45. Kxf6 Kh4 46. Kxe5 Kg3 47. Ke4 Kxg2 48.
Kxf4 Kf2 49. Ke4 Ke2 50. f4 Kd2 51. f5 Kc2 52. f6 Kb2 53. f7 Kxa2 54. f8=Q a3 55. Qb4 Ka1 56. Qxa3+ 1-0

[Event "Late-Titled-Tuesday-Blitz-February-06-2024"]
[Site "Chess.com"]
[Date "2024.02.06"]
[Round "10"]
[White "ChessSwole"]
[Black "Cambek64"]
[Result "1-0"]
[WhiteElo "2674"]
[BlackElo "2501"]
[TimeControl "180+1"]
[EndTime "15:55:40 PST"]
[Termination "ChessSwole won on time"]

1. e4 e6 2. d4 d5 3. Nc3 Nc6 4. Nf3 Nf6 5. Bd3 Nb4 6. O-O Be7 7. e5 Nd7 8. Be2 c5 9. dxc5 Nxc5 10. a3 Nc6 11. b4 Nd7 12. Bf4 O-O 13. Re1 a6 14. Bd3 b5 15. Ne2 Bb7 16. Ng3 f5 17. c3 g5 18. Bd2 g4 19. Nd4 Nxd4 20. cxd4 Nb6 21.
f3 gxf3 22. Qxf3 Kh8 23. Qh5 Qe8 24. Qh3 Qg6 25. Nh5 Rg8 26. Nf4 Qf7 27. Rf1 Nc4 28.
Bc1 Rg4 29. Nxe6 Rag8 30. Nf4 Bg5 31. Ra2 Bc8 32. Qxg4 fxg4 33. Ng6+ Qxg6 34. Bxg6 Rxg6 35. Bxg5 Rxg5 36. Raf2 Be6 37. Rf8+ Kg7 38. Re8 Rg6 39. Re7+ Kh6 40. Rf6 Bg8 41. Ra7 Nxa3 42. Raxa6 Nc2 43. Ra8 Be6 44. Re8 Nxd4 45. Kf2 Kg5 46. Rff8 Nf5 47. g3 h5 48. Rb8 d4 49. Rxb5 Rg7 50. Rbb8 Bd5 51. Rbd8 Bf3 52. e6 h4 53. Rf7 hxg3+ 54. hxg3 1-0

[Event "Late-Titled-Tuesday-Blitz-February-06-2024"]
[Site "Chess.com"]
[Date "2024.02.06"]
[Round "10"]
[White "BeardedNM"]
[Black "rcmz"]
[Result "1-0"]
[WhiteElo "2236"]
[BlackElo "2123"]
[TimeControl "180+1"]
[EndTime "15:55:42 PST"]
[Termination "BeardedNM won on time"]

1. e4 Nf6 2. e5 Nd5 3. d4 d6 4. Nf3 Bf5 5. Be2 Nc6 6. O-O e6 7. c4 Nb6 8. exd6 cxd6 9. d5 Ne5 10. Nxe5 dxe5 11. Nc3 exd5 12. cxd5 Bd6 13. Bb5+ Bd7 14.
Qg4 O-O 15. Bxd7 Qxd7 16. Qxd7 Nxd7 17. Be3 a6 18. Ne4 Be7 19. d6 Bd8 20. g4 h6 21. Rac1 f5 22. gxf5 Rxf5 23. Rc4 Nf6 24. Nc5 b5 25. Rc2 Bb6 26. Ne6 Bxe3 27. fxe3 Rxf1+ 28.
Kxf1 Kf7 29. Nc7 Rd8 30. Rd2 Ne4 31. Rd5 Rxd6 32. Rxd6 Nxd6 33. Nxa6 Ke6 34. Ke2 Kd5 35. Kd3 e4+ 36. Kc3 Nc4 37. Kb4 Nxb2 38. Kxb5 Nd1 39. Nb4+ Kd6 40. Nc2 Nc3+ 41. Kc4 Nxa2 42. Kd4 Nc1 43. Kxe4 Ke6 44. Kf4 Nd3+ 45. Ke4 Nf2+ 46.
Kf3 Nd3 47. Nd4+ Kf6 48. e4 Ne5+ 49. Kf4 g5+ 50. Ke3 Ng4+ 51. Kd3 Nxh2 52. Nc6 Nf3 53. Ke3 Ne5 54. Nd4 h5 55. Ne2 h4 56. Kf2 g4 57.
Nf4 Nc4 58. Ng2 Kg5 59. Ke2 h3 60. Ne1 g3 61. Kf3 1-0

[Event "Late-Titled-Tuesday-Blitz-February-06-2024"]
[Site "Chess.com"]
[Date "2024.02.06"]
[Round "10"]
[White "GMKrikor"]
[Black "BogdanDeac"]
[Result "0-1"]
[WhiteElo "2849"]
[BlackElo "3013"]
[TimeControl "180+1"]
[EndTime "15:55:43 PST"]
[Termination "BogdanDeac won by resignation"]

1. Nf3 d5 2. c4 d4 3. b4 c5 4.
Bb2 Nf6 5. g3 Qc7 6. Bg2 e5 7. O-O Nc6 8. b5 Ne7 9. e3 Ng6 10. exd4 exd4 11. d3 Be7 12. Re1 O-O 13.
a4 Bf5 14. Qc2 Bd6 15. Nbd2 h6 16. Ne4 Nxe4 17. dxe4 Be6 18. Nd2 Rae8 19. f4 Nxf4 20. gxf4 Bxf4 21. Nf1 b6 22. Qd3 Qd7 23. Bc1 Be5 24.
Ng3 Qd8 25. Bd2 Qh4 26. Rac1 g6 27. Rf1 h5 28. Bh6 Bg7 29. Bxg7 Kxg7 30. Qf3 Qg5 31. Qf4 Qxf4 32. Rxf4 Rd8 33. Nf1 d3 34. Nd2 Rd4 35. h4 Ra8 36. Rff1 a6 37. Ra1 axb5 38. axb5 Rxa1 39.
Rxa1 Bxc4 40. Kf2 Bxb5 41. Ke3 Rb4 42. Rc1 c4 43. e5 Ba6 44. Bd5 b5 45. Ne4 Rb2 46.
Ra1 Re2+ 47. Kd4 d2 48. Nc3 Re1 49. Rxa6 b4 50. Bf3 bxc3 51. Kxc3 Re3+ 52. Kxd2 Rxf3 53. e6 fxe6 54. Rxe6 Rf4 55. Rc6 Rxh4 56. Ke3 Rg4 57. Kf3 Kf7 58. Rb6 Ke7 59. Ke3 Kd7 60. Rf6 Kc7 61. Kf3 c3 0-1